AoeStats
← subutai

Arena

508967555Analyzed
1v1 RM · 7d ago on Sep 24, 2026· 73m 50s· 2 players
Game mode
Random Map
Map size
Tiny (2 player)
Population
200
Speed
Normal
Resources
Standard
Victory
Conquest
Starting age
Dark Age
Ending age
Imperial Age
RankedLock teamsTeams togetherTeam positionsShared explorationLock speedFull tech treeHidden civsTurbo modeCheats
Victory
Defeat
🇺🇸 Varangians · United States
1103
+16
🇬🇧 Bohemians · United Kingdom
1105
-16
subutai
10:41 Feudal Age
12:00 Double-Bit Axe
14:11 Loom
16:39 Castle Age
16:04 Bloodlines
17:21 Scale Barding Armor
17:03 Horse Collar
21:03 Town Watch
22:44 Husbandry
25:23 Light Cavalry
28:49 Imperial Age
28:48 Wheelbarrow
28:09 Gold Mining
28:32 Bow Saw
29:19 Forging
30:30 Conscription
30:27 Stone Mining
33:37 Chain Barding Armor
34:29 Iron Casting
36:46 Plate Barding Armor
37:12 Blast Furnace
35:54 Elite Skirmisher
37:36 Elite Jarl
39:02 Fletching
39:13 Padded Archer Armor
40:54 Ballistics
41:35 Chemistry
41:03 Bodkin Arrow
42:13 Bracer
43:14 Leather Archer Armor
44:15 Heavy Plow
47:35 Ring Archer Armor
50:49 Siege Engineers
50:56 Masonry
61:15 Hussar
64:15 Capped Ram
66:10 Crop Rotation
66:10 Hand Cart
DrPhobeus
10:05 Feudal Age
13:56 Castle Age
12:18 Double-Bit Axe
15:00 Bow Saw
14:39 Horse Collar
16:35 Fervor
19:19 Sanctity
21:58 Heavy Plow
24:18 Wheelbarrow
26:25 Hand Cart
29:00 Imperial Age
27:35 Chemistry
26:39 Loom
28:47 Town Watch
28:58 Fletching
29:08 Padded Archer Armor
29:22 Masonry
29:32 Ballistics
29:39 Bodkin Arrow
30:39 Architecture
29:48 Pikeman
30:29 Squires
30:57 Leather Archer Armor
31:37 Conscription
32:08 Siege Engineers
31:36 Halberdier
33:01 Bracer
35:05 Houfnice
37:25 Two-Man Saw
39:29 Fortified Wall
48:18 Light Cavalry
48:59 Husbandry
49:04 Scale Mail Armor
49:15 Forging
49:35 Ring Archer Armor
50:26 Scale Barding Armor
50:37 Chain Mail Armor
50:03 Elite Skirmisher
52:12 Town Patrol
52:50 Iron Casting
54:21 Chain Barding Armor
54:32 Plate Mail Armor
57:56 Elite Hussite Wagon
62:31 Blast Furnace
61:15 Cavalier
62:34 Cavalier
70:54 Guilds
Connection lost

Rejoining the realm…

Still unreachable

The connection could not be restored.

Session expired

The server has moved on; the page needs a fresh start.